 Dungeon Crawl Stone Soup version 0.30.0-18-gc0e69614cb (webtiles) character file.

Game seed: 6064892382639254349

149 jagang the Covered (level 5, -13/48 HPs)
             Began as an Armataur Fighter on May 25, 2023.
             Killed by divine providence
             ... invoked by an orc priest
              (16 damage)
             ... on level 6 of the Dungeon.
             The game lasted 00:10:11 (2780 turns).

jagang the Covered (Armataur Fighter)               Turns: 2780, Time: 00:10:12

Health: -13/48     AC: 10    Str: 24    XL:     5   Next: 9%
Magic:  5/5        EV:  7    Int:  8    God:
Gold:   221        SH:  4    Dex:  9    Spells: 4/4 levels left

rFire   + + .        i - +4 short sword
rCold   . . .        c - +0 buckler
rNeg    . . .        u - +1 scale mail {rF+}
rPois   .            g - +2 hat {Will+}
rElec   .            (no cloak)
rCorr   .            (no gloves)
SInv    .            (no barding)
Will    +....        (no amulet) Stlth
                     e - ring of flight
HPRegen 0.28/turn    p - ring of protection from fire
MPRegen 0.09/turn

%: roll
@: flying
A: large, rugged brown scales 3, deformed body, armoured tail, roll, long
tongue, awkward tongue
a: no special abilities


You were on level 6 of the Dungeon.
You visited 1 branch of the dungeon, and saw 5 of its levels.

You collected 221 gold pieces.

Inventory:

Hand Weapons
 a - a +0 long sword
 i - a +4 short sword (weapon)
Armour
 c - a +0 buckler (worn)
 g - a +2 hat of willpower (worn)
 o - a +0 helmet
 u - a +1 scale mail of fire resistance (worn)
Jewellery
 e - a ring of flight (left hand)
 p - a ring of protection from fire (right hand)
Wands
 v - a wand of quicksilver (9)
Scrolls
 b - 7 scrolls of identify {unknown}
 h - 2 scrolls of teleportation {unknown}
 l - 2 scrolls of amnesia {unknown}
 m - a scroll of magic mapping {unknown}
 n - a scroll of brand weapon {unknown}
 r - a scroll of poison {unknown}
 s - a scroll of enchant weapon {unknown}
Potions
 d - 2 potions of might
 f - 3 potions of heal wounds {unknown}
 j - 5 potions of curing {unknown}
 k - a potion of haste {unknown}
 q - a potion of cancellation {unknown}
 t - a potion of resistance {unknown}


   Skills:
 + Level 3.3 Fighting
 * Level 3.3 Long Blades
 + Level 4.4 Armour
 + Level 4.1 Shields


You had 4 spell levels left.
You didn't know any spells.
Your spell library contained the following spells:

 Spells                   Type           Power      Damage    Failure   Level
 Slow                     Hex            0%         N/A       77%         1
 Call Canine Familiar     Summ           0%         N/A       98%         3
 Confusing Touch          Hex            0%         N/A       98%         3
 Portal Projectile        Hex/Tloc       0%         N/A       98%         3
 Vampiric Draining        Necr           0%         2d6       98%         3
 Volatile Blastmotes      Fire/Tloc      0%         2d10      98%         3
 Fulminant Prism          Conj/Hex       0%         3d5       100%        4
 Iskenderun's Mystic Bla  Conj/Tloc      0%         2d3       100%        4
 Leda's Liquefaction      Hex/Erth       0%         N/A       100%        4
 Lee's Rapid Deconstruct  Erth           0%         3d4*      100%        5


Dungeon Overview and Level Annotations

Branches:
Dungeon (6/15)
 Temple: D:4-7

Altars:
Yredelemnul


Innate Abilities, Weirdness & Mutations

You are completely covered in rugged brown scales. (AC +3, +7% HP)
Armour fits poorly on your strangely shaped body.
You have a long armoured tail.
You roll when moving toward enemies. (Rampage)
Your long tongue fully drains potion bottles. (2x potion effects)
Your tongue gives you trouble enunciating. (1.5x scroll delay)


Message History

The bullfrog attacks as you move away! The bullfrog hits you.
The hound stops to sniff the ground.
You hit the bullfrog.
Your tail-slap misses the bullfrog.
The bullfrog is lightly wounded.
The bullfrog hits you but does no damage.
The bullfrog closely misses you.
You miss the bullfrog.
The bullfrog is lightly wounded.
The bullfrog hits you but does no damage.
You hit the bullfrog.
The bullfrog is moderately wounded.
The bullfrog hits you but does no damage.
The bullfrog hits you.
You hit the bullfrog.
The bullfrog is moderately wounded.
The bullfrog hits you but does no damage.
You hit the bullfrog.
The bullfrog is heavily wounded.
The bullfrog hits you.
* * * LOW HITPOINT WARNING * * *
A phantom comes into view.
The bullfrog closely misses you.
You hit the bullfrog.
The bullfrog is severely wounded.
The bullfrog hits you.
* * * LOW HITPOINT WARNING * * *
An iron imp comes into view.
You closely miss the bullfrog.
The bullfrog is severely wounded.
The bullfrog hits you but does no damage.
Unknown command.
The bullfrog attacks as you move away! The bullfrog completely misses you.
The sentinel's mark upon you fades away.
You block the bullfrog's attack. The bullfrog attacks as you move away!
The bullfrog hits you.
* * * LOW HITPOINT WARNING * * *
Found 10 gold pieces.
The orc priest calls down the wrath of Beogh upon you.
Beogh smites you!
You die...

$. ## .. ###.## .##....##
.......# ......# #.## .....
/...# ..... .. #..## ....#
.....#### ..#..#@..###....##
........##.###.#F##.#......#
.........#........#........#
........)....W.##hooS......#
...........5.#. #.#o.......#
...........### ####5.......
#..........## ###.o......#
##......o##..####........###
.........o#...##..o.##...#


You could see a bullfrog, a hound, an orc priest, a shadow imp and 2 orcs.

Vanquished Creatures
  Robin (D:2)
  5 adders
  3 worms
  A dart slug (D:1)
  2 orcs
  7 endoplasms
  3 giant cockroaches
  18 goblins
  7 hobgoblins
  A jackal (D:2)
  6 kobolds
  4 quokkas
  4 ball pythons
  5 bats
  2 frilled lizards
  5 rats
74 creatures vanquished.

Vanquished Creatures (others)
  A bullfrog (D:6)
1 creature vanquished.

Grand Total: 75 creatures vanquished

Notes
Turn   | Place    | Note
-------+----------+-------------------------------------------
     0 | D:1      | jagang the Armataur Fighter began the quest for the Orb.
     0 | D:1      | Reached XP level 1. HP: 19/19 MP: 1/1
    74 | D:1      | Reached XP level 2. HP: 25/26 MP: 2/2
    82 | D:1      | Found a faded altar of an unknown god.
   573 | D:1      | Reached XP level 3. HP: 30/32 MP: 3/3
   974 | D:2      | Noticed Robin
  1014 | D:2      | Killed Robin
  1247 | D:2      | Reached XP level 4. HP: 37/40 MP: 4/4
  2572 | D:4      | Found a basalt altar of Yredelemnul.
  2582 | D:4      | Reached XP level 5. HP: 48/48 MP: 5/5
  2724 | D:4      | You are sucked into a shaft and drop 2 floors!
  2742 | D:6      | Noticed an orc warrior
  2776 | D:6      | Noticed a phantom
  2780 | D:6      | Killed from afar by an orc priest

Illustrated notes

Levels and vault maps discovered:
D:1:      nicolae_arrival_memento_mori, layout_basic,
          hellmonk_ecumenical_altar_arch_garden, minmay_misc_feat_square
D:2:      layout_rooms, minmay_cupped, uniq_robin
D:3:      layout_loops_corners
D:4:      layout_layer_cave, gammafunk_temple_overflow_claw,
          mainiacjoe_overflow_catch_the_wave, columned_hall_lemuel
D:6:      layout_cave_pools, slow_altar_1, mainiacjoe_overflow_surrounded_room,
          grunt_ministairs_1, lemuel_flamethrower_2

Skill      XL: |  1  2  3  4 |
---------------+-------------+-----
Long Blades    | 2 3 |  3.3
Armour         | 4 |  4.4
Fighting       | 3 |  3.3
Shields        | 4 |  4.1

Action                     |  1- 3 |  4- 6 || total
---------------------------+-------+-------++-------
  Melee: Long sword        |    46 |       ||    46
         Tailslap          |    14 |     7 ||    21
         Short sword       |    87 |    97 ||   184
 Armour: Scale mail        |    15 |    23 ||    38
         Chain mail        |    58 |    34 ||    92
  Dodge: Dodged            |    32 |    31 ||    63
  Block: Buckler           |    17 |    18 ||    35
